A
LOS CAYOS JELLYFISH @ FRESNO CHILIES
04/15/2060
 
TOP OF THE 1ST
Kingsville Knights batting - Pitching for Reading Railers : RHP Logan Maleitas
Pitching: RHP Logan Maleitas
Batting: LHB Teddy Burch 0-0: Ball
1-0: Ball
2-0: Called Strike
2-1: Foul Ball, location: 2F
2-2: Ball
3-2: Strikes out looking
Batting: RHB Brendan Woodman 0-0: Ball
1-0: Called Strike
1-1: Foul Ball, location: 2F
1-2: Foul Ball, location: 2F
1-2: Ball
2-2: Foul Ball, location: 2F
2-2: Reached on error, E6 (Groundball, 6, EV 89.4 MPH)
Batting: LHB Evan Laurie 0-0: Called Strike
0-1: Fly out, F7 (Flyball, 78M, EV 86.9 MPH)
Batting: RHB Derell Machuca 0-0: Ball
1-0: Foul Ball, location: 2F
1-1: DOUBLE (Flyball, 8RXD, EV 96.9 MPH)
Brendan Woodman to third
Runner from 3rd tries for Home, SAFE, throw by CF to trailing runner, SAFE at third!
Batting: RHB Wyatt Rivera 0-0: Swinging Strike
0-1: Swinging Strike
0-2: Ball
1-2: Ball
2-2: Ball
3-2: Strikes out swinging
Top of the 1st over - 1 run, 1 hit, 1 error, 1 left on base; Kingsville 1 - Reading 0
BOTTOM OF THE 1ST
Reading Railers batting - Pitching for Kingsville Knights : RHP Jerome Brown
Pitching: RHP Jerome Brown
Batting: RHB Dominick Munn 0-0: Called Strike
0-1: Ball
1-1: Swinging Strike
1-2: Ball
2-2: SINGLE (Groundball, 56, EV 98.1 MPH) (infield hit)
Batting: LHB Shawn Shope 0-0: Ball
1-0: Ball
2-0: Called Strike
2-1: Swinging Strike
2-2: SINGLE (Groundball, 34D, EV 101.9 MPH)
Dominick Munn to second
Runner from 2nd tries for 3rd, SAFE, throw by RF made to third
Batting: RHB Logan Barbee 0-0: Called Strike
0-1: 3-RUN HOME RUN (Flyball, 78XD, EV 106.9 MPH), Distance : 432 ft
Batting: LHB Nick Rankin 0-0: Ball
1-0: SOLO HOME RUN (Flyball, 89XD, EV 111.2 MPH), Distance : 440 ft
Batting: LHB Tommy Olson 0-0: Called Strike
0-1: Ball
1-1: Foul Ball, location: 2F
1-2: Ball
2-2: Foul Ball, location: 2F
2-2: Foul Ball, location: 2F
2-2: Ball
3-2: Foul Ball, location: 2F
3-2: Base on Balls
Batting: LHB Carnell Sighel 0-0: Ball
1-0: Ball
2-0: Ball
3-0: Base on Balls
Tommy Olson to second
Batting: RHB Nyles Quinones 0-0: Ball
1-0: Ball
2-0: Called Strike
2-1: SINGLE (Groundball, 6S, EV 96.9 MPH)
Tommy Olson to third
Carnell Sighel to second
Batting: RHB Matt Dente 0-0: Grounds into double play, 6-4-3 (Groundball, 6, EV 85.6 MPH)
Tommy Olson scores
Carnell Sighel to third
Batting: RHB Riley Callaghan 0-0: Swinging Strike
0-1: Ball
1-1: Called Strike
1-2: Ball
2-2: Strikes out looking
Bottom of the 1st over - 5 runs, 5 hits, 0 errors, 1 left on base; Kingsville 1 - Reading 5
TOP OF THE 2ND
Kingsville Knights batting - Pitching for Reading Railers : RHP Logan Maleitas
Batting: RHB Vincent Manning 0-0: Ball
1-0: Called Strike
1-1: Foul Ball, location: 2F
1-2: DOUBLE (Flyball, 7D, EV 95.6 MPH)
Batting: LHB Quincy Mobley 0-0: Ball
1-0: Called Strike
1-1: Ball
2-1: Called Strike
2-2: Foul Ball, location: 2F
2-2: Strikes out looking
Batting: LHB Dallin Mummau 0-0: Ball
1-0: Fly out, F7 (Flyball, 78D, EV 105.0 MPH)
Batting: RHB Elias Boulton 0-0: Ball
1-0: Ball
2-0: Ground out 6-3 (Groundball, 6M, EV 85.6 MPH)
Top of the 2nd over - 0 runs, 1 hit, 0 errors, 1 left on base; Kingsville 1 - Reading 5
BOTTOM OF THE 2ND
Reading Railers batting - Pitching for Kingsville Knights : RHP Jerome Brown
Batting: RHB Dominick Munn 0-0: Ball
1-0: Ball
2-0: Ball
3-0: Called Strike
3-1: Fly out, F7 (Flyball, 7, EV 77.5 MPH)
Batting: LHB Shawn Shope 0-0: Swinging Strike
0-1: Ball
1-1: Ball
2-1: Ball
3-1: Called Strike
3-2: Foul Ball, location: 2F
3-2: Foul Ball, location: 2F
3-2: Base on Balls
Batting: RHB Logan Barbee 0-0: Ball
1-0: Called Strike
1-1: Ball
2-1: Ball
3-1: Foul Ball, location: 2F
3-2: Foul Ball, location: 2F
3-2: Foul Ball, location: 2F
3-2: Base on Balls
Shawn Shope to second
Batting: LHB Nick Rankin 0-0: Foul Ball, location: 2F
0-1: Ball
1-1: SINGLE (Groundball, 3D, EV 101.9 MPH)
Shawn Shope to third
Logan Barbee to second
Runner from 3rd tries for Home, throw by RF and OUT! 9-2
Batting: LHB Tommy Olson 0-0: Ball
1-0: Ball
2-0: SINGLE (Groundball, 34D, EV 106.9 MPH)
Logan Barbee to third
Nick Rankin to second
Runner from 3rd tries for Home, SAFE, throw by RF to home
Pitching: LHP Ashton Fieldhouse
Batting: LHB Carnell Sighel 0-0: Ball
1-0: Called Strike
1-1: Called Strike
1-2: Fly out, F7 (Flyball, 7LSF, EV 85.6 MPH)
Bottom of the 2nd over - 1 run, 2 hits, 0 errors, 2 left on base; Kingsville 1 - Reading 6
TOP OF THE 3RD
Kingsville Knights batting - Pitching for Reading Railers : RHP Logan Maleitas
Batting: LHB Teddy Burch 0-0: Ball
1-0: SINGLE (Flyball, 8LS, EV 98.8 MPH)
Batting: RHB Brendan Woodman 0-0: Ball
1-0: Called Strike
1-1: Called Strike
1-2: Foul Ball, location: 2F
1-2: Strikes out swinging
Batting: LHB Evan Laurie 0-0: Ball
1-0: Swinging Strike
1-1: Ball
2-1: Grounds into double play, 4-6-3 (Groundball, 4, EV 81.9 MPH)
Top of the 3rd over - 0 runs, 1 hit, 0 errors, 0 left on base; Kingsville 1 - Reading 6
BOTTOM OF THE 3RD
Reading Railers batting - Pitching for Kingsville Knights : LHP Ashton Fieldhouse
Batting: RHB Nyles Quinones 0-0: Ball
1-0: Ground out 4-3 (Groundball, 4, EV 88.1 MPH)
Batting: RHB Matt Dente 0-0: Ball
1-0: Called Strike
1-1: SINGLE (Groundball, 56, EV 111.2 MPH) (infield hit)
Batting: RHB Riley Callaghan 0-0: Ball
1-0: Ball
2-0: Ball
3-0: Base on Balls
Matt Dente to second
Batting: RHB Dominick Munn 0-0: Called Strike
0-1: Foul Ball, location: 2F
0-2: Ball
1-2: Ball
2-2: Strikes out swinging
Batting: LHB Shawn Shope 0-0: Called Strike
0-1: Swinging Strike
0-2: Foul Ball, location: 2F
0-2: Foul Ball, location: 2F
0-2: Foul Ball, location: 2F
0-2: Foul Ball, location: 2F
0-2: Hit by Pitch
Matt Dente to third
Riley Callaghan to second
Batting: RHB Logan Barbee 0-0: Called Strike
0-1: Fly out, F8 (Line Drive, 8RM, EV 96.2 MPH)
Bottom of the 3rd over - 0 runs, 1 hit, 0 errors, 3 left on base; Kingsville 1 - Reading 6
TOP OF THE 4TH
Kingsville Knights batting - Pitching for Reading Railers : RHP Logan Maleitas
Batting: RHB Derell Machuca 0-0: Ball
1-0: Ball
2-0: Called Strike
2-1: Foul Ball, location: 2F
2-2: Strikes out swinging, 2-3 out at first.
Batting: RHB Wyatt Rivera 0-0: Ball
1-0: Ground out 1-3 (Groundball, 13S, EV 63.8 MPH)
Batting: RHB Vincent Manning 0-0: Ball
1-0: Swinging Strike
1-1: Foul Ball, location: 2F
1-2: Ball
2-2: SINGLE (Groundball, 4D, EV 99.4 MPH)
Batting: LHB Quincy Mobley 0-0: Called Strike
0-1: Ball
1-1: Called Strike
1-2: Ball
2-2: Ball
3-2: DOUBLE (Line Drive, 89D, EV 100.6 MPH)
Vincent Manning to third
Vincent Manning scores
Batting: LHB Dallin Mummau 0-0: Ball
1-0: Foul Ball, location: 2F
1-1: Ball
Wild Pitch!
Quincy Mobley to third
2-1: Called Strike
2-2: Ground out 4-3 (Groundball, 4D, EV 100.0 MPH)
Top of the 4th over - 1 run, 2 hits, 0 errors, 1 left on base; Kingsville 2 - Reading 6
BOTTOM OF THE 4TH
Reading Railers batting - Pitching for Kingsville Knights : LHP Ashton Fieldhouse
Batting: LHB Nick Rankin 0-0: Called Strike
0-1: Foul Ball, location: 2F
0-2: Ground out 4-3 (Groundball, 4, EV 93.1 MPH)
Batting: LHB Tommy Olson 0-0: Foul Ball, location: 2F
0-1: Fly out, F7 (Flyball, 78M, EV 86.9 MPH)
Batting: LHB Carnell Sighel 0-0: Called Strike
0-1: Ball
1-1: Foul Ball, location: 2F
1-2: Ground out 3-1 (Groundball, 34, EV 92.5 MPH)
Bottom of the 4th over - 0 runs, 0 hits, 0 errors, 0 left on base; Kingsville 2 - Reading 6
TOP OF THE 5TH
Kingsville Knights batting - Pitching for Reading Railers : RHP Logan Maleitas
Batting: RHB Elias Boulton 0-0: Swinging Strike
0-1: Ground out 5-3 (Groundball, 5L, EV 84.4 MPH)
Batting: LHB Teddy Burch 0-0: Ball
1-0: SINGLE (Line Drive, 89S, EV 108.1 MPH)
Batting: RHB Brendan Woodman 0-0: Ball
1-0: Ball
Teddy Burch is caught stealing 2nd base 2-4
2-0: Swinging Strike
2-1: SINGLE (Groundball, 34D, EV 100.0 MPH)
Batting: LHB Evan Laurie 0-0: Ball
1-0: Called Strike
1-1: Called Strike
1-2: Foul Ball, location: 2F
1-2: Ball
2-2: Strikes out swinging
Top of the 5th over - 0 runs, 2 hits, 0 errors, 1 left on base; Kingsville 2 - Reading 6
BOTTOM OF THE 5TH
Reading Railers batting - Pitching for Kingsville Knights : LHP Ashton Fieldhouse
Batting: RHB Nyles Quinones 0-0: Called Strike
0-1: Ball
1-1: Swinging Strike
1-2: Fly out, F7 (Flyball, 7LD, EV 86.9 MPH)
Batting: RHB Matt Dente 0-0: Ball
1-0: Ball
2-0: Foul Ball, location: 2F
2-1: Ball
3-1: Ground out 6-3 (Groundball, 6, EV 92.5 MPH)
Batting: RHB Riley Callaghan 0-0: DOUBLE (Line Drive, 7LM, EV 90.6 MPH)
Pitching: LHP Joey Ward
Batting: RHB Dominick Munn 0-0: Ground out U3 (Groundball, 34S, EV 80.6 MPH)
Bottom of the 5th over - 0 runs, 1 hit, 0 errors, 1 left on base; Kingsville 2 - Reading 6
TOP OF THE 6TH
Kingsville Knights batting - Pitching for Reading Railers : RHP Logan Maleitas
Batting: RHB Derell Machuca 0-0: Called Strike
0-1: Swinging Strike
0-2: Foul Ball, location: 2F
0-2: Ball
1-2: Ball
2-2: Reached on error, E6 (Groundball, 6, EV 87.5 MPH)
Batting: RHB Wyatt Rivera 0-0: Called Strike
0-1: SINGLE (Line Drive, 4MD, EV 102.5 MPH)
Derell Machuca to third
Batting: RHB Vincent Manning 0-0: Ball
Wyatt Rivera steals 2nd base
1-0: Called Strike
1-1: Swinging Strike
1-2: Ball
2-2: Fly out, F7 (Flyball, 7LM, EV 90.6 MPH)
Runner from 3rd tags up, SCORES, throw by LF
Batting: LHB Quincy Mobley 0-0: Ball
1-0: Ground out 5-3 (Groundball, 5L, EV 98.1 MPH)
Pitching: RHP Lucas Eichler
Batting: LHB Dallin Mummau 0-0: Ground out 4-3 (Groundball, 34D, EV 100.0 MPH)
Top of the 6th over - 1 run, 1 hit, 1 error, 1 left on base; Kingsville 3 - Reading 6
BOTTOM OF THE 6TH
Reading Railers batting - Pitching for Kingsville Knights : LHP Joey Ward
Batting: LHB Shawn Shope 0-0: Ball
1-0: Ball
2-0: Foul Ball, location: 2F
2-1: Ball
3-1: Fly out, F9 (Flyball, 89M, EV 87.5 MPH)
Batting: RHB Logan Barbee 0-0: Called Strike
0-1: Ball
1-1: Foul Ball, location: 2F
1-2: SOLO HOME RUN (Flyball, 9LD, EV 95.0 MPH), Distance : 346 ft
Batting: LHB Nick Rankin 0-0: Ball
1-0: Called Strike
1-1: Swinging Strike
1-2: Strikes out swinging
Batting: LHB Tommy Olson 0-0: Ball
1-0: Ball
2-0: Fly out, F9 (Line Drive, 9S, EV 91.2 MPH)
Bottom of the 6th over - 1 run, 1 hit, 0 errors, 0 left on base; Kingsville 3 - Reading 7
TOP OF THE 7TH
Kingsville Knights batting - Pitching for Reading Railers : RHP Lucas Eichler
Batting: RHB Elias Boulton 0-0: Ball
1-0: Foul Ball, location: 2F
1-1: Ground out 5-3 (Groundball, 56S, EV 90.0 MPH)
Batting: LHB Teddy Burch 0-0: Called Strike
0-1: Ball
1-1: Foul Ball, location: 2F
1-2: Strikes out swinging
Batting: RHB Brendan Woodman 0-0: Called Strike
0-1: Ball
1-1: Foul Ball, location: 2F
1-2: Strikes out swinging
Top of the 7th over - 0 runs, 0 hits, 0 errors, 0 left on base; Kingsville 3 - Reading 7
BOTTOM OF THE 7TH
Reading Railers batting - Pitching for Kingsville Knights : LHP Joey Ward
Batting: LHB Carnell Sighel 0-0: Swinging Strike
0-1: Foul Ball, location: 2F
0-2: Ball
1-2: Strikes out looking
Batting: RHB Nyles Quinones 0-0: Ball
1-0: Ground out 5-3 (Groundball, 56, EV 81.9 MPH)
Batting: RHB Matt Dente 0-0: SINGLE (Groundball, 56D, EV 108.1 MPH)
Batting: RHB Riley Callaghan 0-0: Called Strike
0-1: Called Strike
0-2: Ball
1-2: Ball
2-2: Ball
3-2: Foul Ball, location: 2F
3-2: Base on Balls
Matt Dente to second
Batting: RHB Dominick Munn 0-0: Ball
1-0: Ball
2-0: Swinging Strike
2-1: Fly out, F7 (Line Drive, 78M, EV 90.6 MPH)
Bottom of the 7th over - 0 runs, 1 hit, 0 errors, 2 left on base; Kingsville 3 - Reading 7
TOP OF THE 8TH
Kingsville Knights batting - Pitching for Reading Railers : RHP Lucas Eichler
Batting: LHB Evan Laurie 0-0: Fly out, F8 (Flyball, 8LS, EV 84.4 MPH)
Batting: RHB Derell Machuca 0-0: Ball
1-0: Ball
2-0: Foul Ball, location: 2F
2-1: Ball
3-1: Foul Ball, location: 2F
3-2: Strikes out swinging
Batting: RHB Wyatt Rivera 0-0: Foul Ball, location: 2F
0-1: Ball
1-1: Ball
2-1: Ball
3-1: Called Strike
3-2: Base on Balls
Batting: RHB Vincent Manning 0-0: Ball
1-0: Ball
2-0: Called Strike
2-1: Ball
3-1: SINGLE (Groundball, 25, EV 66.2 MPH) (infield hit)
Wyatt Rivera to second
Batting: LHB Quincy Mobley 0-0: Ball
1-0: Called Strike
1-1: Ball
2-1: SINGLE (Line Drive, 6MD, EV 103.1 MPH)
Wyatt Rivera to third
Vincent Manning to second
Pitching: RHP Johnny Youngstrom
Batting: LHB Dallin Mummau 0-0: Ball
1-0: Foul Ball, location: 2F
1-1: Foul Ball, location: 2F
1-2: Ball
2-2: DOUBLE (Line Drive, 89XD, EV 105.6 MPH)
Wyatt Rivera scores
Vincent Manning scores
Quincy Mobley to third
Throwing error, E9
Quincy Mobley scores
Dallin Mummau to third
Pinch Hitting: RHB Camden Price 0-0: Called Strike
0-1: Foul Ball, location: 2F
0-2: Ball
1-2: Strikes out looking
Top of the 8th over - 3 runs, 3 hits, 1 error, 1 left on base; Kingsville 6 - Reading 7
BOTTOM OF THE 8TH
Reading Railers batting - Pitching for Kingsville Knights : LHP Joey Ward
Now at SS: Seth Britcher
Batting: LHB Shawn Shope 0-0: Hit by Pitch
Batting: RHB Logan Barbee 0-0: Foul Ball, location: 2F
0-1: Called Strike
0-2: Fielders Choice at 2nd, 5-4 (Groundball, 5S, EV 91.9 MPH)
Batting: LHB Nick Rankin 0-0: Ball
1-0: Called Strike
Logan Barbee steals 2nd, throwing error, E2
Logan Barbee to third
1-1: Intentional Walk
Batting: LHB Tommy Olson 0-0: Called Strike
0-1: Foul Ball, location: 2F
0-2: Ball
1-2: Ball
2-2: Ball
3-2: Foul Ball, location: 2F
3-2: Foul Ball, location: 2F
3-2: SINGLE (Line Drive, 8RS, EV 109.4 MPH)
Logan Barbee scores
Nick Rankin to second
Pitching: RHP Coby Peterson
Batting: LHB Carnell Sighel 0-0: 3-RUN HOME RUN (Flyball, 9D, EV 99.4 MPH), Distance : 395 ft
Batting: RHB Nyles Quinones 0-0: Ball
1-0: Foul Ball, location: 2F
1-1: Swinging Strike
1-2: Fly out, F9 (Flyball, 9S, EV 91.2 MPH)
Batting: RHB Matt Dente 0-0: Called Strike
0-1: Ball
1-1: Fly out, F9 (Flyball, 89D, EV 94.4 MPH)
Bottom of the 8th over - 4 runs, 2 hits, 1 error, 0 left on base; Kingsville 6 - Reading 11
TOP OF THE 9TH
Kingsville Knights batting - Pitching for Reading Railers : RHP Johnny Youngstrom
Batting: LHB Teddy Burch 0-0: Ground out 5-3 (Groundball, 5, EV 104.4 MPH)
Batting: RHB Brendan Woodman 0-0: Fly out, F7 (Flyball, 7, EV 96.9 MPH)
Batting: LHB Evan Laurie 0-0: Ball
1-0: Fly out, F5 (Line Drive, 5L, EV 69.4 MPH)
Top of the 9th over - 0 runs, 0 hits, 0 errors, 0 left on base; Kingsville 6 - Reading 11
Saturday, April 27th , 2024 - OOTP Baseball 23.10 Build 110